 Dungeon Crawl Stone Soup version 0.27-a0-887-gcab673c142 (webtiles) character file.

Game seed: 15874100333019321782

13 Alarkh the Insei (level 2, 23/23 HPs)
             Began as a Demonspawn Gladiator on Apr 4, 2021.
             Got out of the dungeon alive.
             The game lasted 00:00:20 (821 turns).

Alarkh the Insei (Demonspawn Gladiator)              Turns: 821, Time: 00:00:21

Health: 23/23      AC:  4    Str: 14    XL:     2   Next: 24%
Magic:  2/2        EV: 12    Int:  9    God:
Gold:   49         SH:  0    Dex: 14    Spells: 1/1 levels left

rFire    . . .     SeeInvis .     - Unarmed
rCold    . . .     Faith    .   (no shield)
rNeg     . . .     Spirit   .   a - +0 leather armour
rPois    .         Reflect  .   b - +0 helmet
rElec    .         Harm     .   (no cloak)
rCorr    .         Rampage  .   (no gloves)
Will     .....                  (no boots)
Stlth    +.........             (no amulet)
HPRegen  0.07/turn              (no ring)
MPRegen  0.08/turn              (no ring)

@: no status effects
A: hooves 1
a: no special abilities


You escaped.
You visited 1 branch of the dungeon, and saw 1 of its levels.

You collected 49 gold pieces.

Inventory:

Missiles
 c - 3 throwing nets (quivered)
Armour
 a - a +0 leather armour (worn)
 b - a +0 helmet (worn)
Scrolls
 e - a scroll of magic mapping {unknown}
 f - a scroll of teleportation {unknown}
 i - a scroll of immolation {unknown}
Potions
 d - a potion of brilliance {unknown}
 g - a potion of haste {unknown}
 h - a potion of cancellation {unknown}


   Skills:
 + Level 2.3 Fighting
 - Level 1.7 Throwing
 - Level 2.6 Dodging
 * Level 3.2 Unarmed Combat


You had one spell level left.
You didn't know any spells.
Your spell library was empty.

Dungeon Overview and Level Annotations

Branches:
Dungeon (1/15)

Altars:


Innate Abilities, Weirdness & Mutations

You have large cloven feet.


Message History

No target in view!
No target in view!
No target in view!
No target in view!
No target in view!
There is an escape hatch in the floor here.
Things that are here:
a +0 dagger; a kobold corpse You now have 49 gold pieces (gained 12).
Found a stone staircase leading down.
There is a stone staircase leading down here.
You see here a +0 club.
A quokka comes into view.
A quokka is nearby!
A quokka is nearby!
The quokka bites you. The quokka closely misses you.
You hit the quokka.
The quokka is lightly wounded.
The quokka barely misses you.
You barely miss the quokka. You punch the quokka.
You kill the quokka!
No target in view!
No target in view!
No target in view!
No target in view!
No target in view!
No target in view!
No target in view!
i - a scroll labelled TEIDDA EQ ACS Done exploring.
Done exploring.
Done exploring.
(D) Dungeon
Where to? (? - help)
Okay, then.
You see here a +0 club.
You see here a +0 club.
There is a staircase leading out of the dungeon here.
Are you sure you want to leave the Dungeon?
This will make you lose the game!
You have escaped!

###.......#.# ##.## #.#
............# #.# #.#
..#.......#.# #.# #.###
#.###...###.## #.#
#.... #.# #...##...#
#.# #....
#.####.###########.#
##.## ...###.#
#......#.# #.##
.......# #.....##.####
#.#. ...#...##
##..#.@#....# #.#.
#.#.)(..####.#.######.#
#.## ........##....##
#.# ###.#
..#....##..#### #.#
#...# .#######..## #.#
#.### ..#####..#.# ####
#.# #.#
##..#.#...####..# #.#
#.# ##........# #..##
#.# #.#
.##.#..######.## #.##
#.#


There were no monsters in sight!

Vanquished Creatures
  A giant cockroach (D:1)
  2 goblins (D:1)
  4 jackals (D:1)
  2 kobolds (D:1)
  A quokka (D:1)
10 creatures vanquished.

Notes
Turn   | Place    | Note
-------+----------+-------------------------------------------
     0 | D:1      | Alarkh the Demonspawn Gladiator began the quest for the
                  | Orb.
     0 | D:1      | Reached XP level 1. HP: 16/16 MP: 1/1
   468 | D:1      | Reached skill level 3 in Unarmed Combat
   473 | D:1      | Gained mutation: You have large cloven feet. [demonic
                  | ancestry]
   473 | D:1      | Reached XP level 2. HP: 16/22 MP: 2/2
   821 | D:$      | Got out of the dungeon alive.

Illustrated notes

Levels and vault maps discovered:
D:1:      lemuel_arrival_tunnels, layout_loops_ring, fountainhead,
          chequers_serial_rivers_room_b

Skill      XL: |  1 |
---------------+----+-----
Unarmed Combat | 3 |  3.2
Fighting       | |  2.3
Throwing       | |  1.7
Dodging        | |  2.6

Action                   || total
-------------------------++-------
Melee: Unarmed           ||    58
       Kick              ||     3
       Punch             ||     1
Armor: Leather armour    ||    19
Dodge: Dodged            ||    36

Table legend: (Time is in decaauts)
 A = Elapsed time spent in this place.
 B = Non-inter-level travel time spent in this place.
 C = Inter-level travel time spent in this place.
 D = Time resting spent in this place.
 E = Time spent auto-exploring this place.
 F = Levels seen in this place.
 G = Mean time per level.
                   A        B        C        D        E       F      G
               +--------+--------+--------+--------+--------+-----+--------+
         Total |    820 |    729 |     91 |      0 |    643 |   1 |  820.0 |
       Dungeon |    820 |    729 |     91 |      0 |    643 |   1 |  820.0 |
               +--------+--------+--------+--------+--------+-----+--------+

Top non-repeatable levels by time:
     D:1: 820 daAuts
